 Dungeon Crawl Stone Soup version 0.27-a0-404-g4390dbc5be (webtiles) character file.

Game seed: 7317965873009390889

21 Nattfarinn the Grave Robber (level 2, -3/20 HPs)
             Began as a Ghoul Necromancer on Feb 22, 2021.
             Slain by a hobgoblin
             ... wielding a +0 club
              (8 damage)
             ... on level 1 of the Dungeon.
             The game lasted 00:01:09 (1047 turns).

Nattfarinn the Grave Robber (Ghoul Necromancer)     Turns: 1047, Time: 00:01:10

Health: -3/20      AC:  2    Str: 11    XL:     2   Next: 83%
Magic:  2/3        EV: 12    Int: 10    God:
Gold:   14         SH:  0    Dex:  9    Spells: 3/4 levels left

rFire    . . .     SeeInvis .   (no weapon)
rCold    + . .     Faith    .   (no shield)
rNeg     + + +     Spirit   .   a - +0 robe
rPois    ∞         Reflect  .   (no helmet)
rElec    .         Harm     .   (no cloak)
rCorr    .         Rampage  .   (no gloves)
Will     .....                  (no boots)
Stlth    ++........             (no amulet)
HPRegen  0.00/turn              (no ring)
MPRegen  0.08/turn              (no ring)

@: no status effects
A: claws 1, cold resistance 1, negative energy resistance 3, inhibited
regeneration, torment resistance, unbreathing
a: no special abilities


You were on level 1 of the Dungeon.
You visited 1 branch of the dungeon, and saw 1 of its levels.

You collected 14 gold pieces.

Inventory:

Armour
 a - a +0 robe (worn)
Potions
 b - a potion of resistance {unknown}


   Skills:
 - Level 1.7 Dodging
 - Level 2.1 Stealth
 - Level 1.7 Spellcasting
 + Level 4.8 Necromancy


You had 3 spell levels left.
You knew the following spells:

 Your Spells              Type           Power        Failure   Level
a - Pain                  Necr           40%          4%          1

Your spell library contained the following spells:

 Spells                   Type           Power        Failure   Level
 Animate Skeleton         Necr           20%          4%          1
 Vampiric Draining        Necr           5%           13%         3
 Animate Dead             Necr           5%           41%         4
 Agony                    Necr           10%          77%         5


Dungeon Overview and Level Annotations

Branches:
Dungeon (1/15)

Altars:


Innate Abilities, Weirdness & Mutations

You thrive by killing the living.
You are immune to poison.
You have sharp fingernails.
Your flesh is cold resistant. (rC+)
You are immune to negative energy. (rN+++)
You do not regenerate when monsters are visible.
You are immune to unholy pain and torment.
You can survive without breathing.


Message History

The hobgoblin barely misses you. The hobgoblin hits you with a +0 club.
You are too injured to fight recklessly!
You are too injured to fight recklessly!
You are too injured to fight recklessly!
You are too injured to fight recklessly!
You are too injured to fight recklessly!
You are too injured to fight recklessly!
You are too injured to fight recklessly!
You are too injured to fight recklessly!
You are too injured to fight recklessly!
You are too injured to fight recklessly!
You are too injured to fight recklessly!
You are too injured to fight recklessly!
You are too injured to fight recklessly!
You are too injured to fight recklessly!
You are too injured to fight recklessly!
You are too injured to fight recklessly!
You are too injured to fight recklessly!
You are too injured to fight recklessly!
You are too injured to fight recklessly!
You are too injured to fight recklessly!
You are too injured to fight recklessly!
You are too injured to fight recklessly!
You are too injured to fight recklessly!
You are too injured to fight recklessly!
You are too injured to fight recklessly!
You are too injured to fight recklessly!
You are too injured to fight recklessly!
You are too injured to fight recklessly!
You are too injured to fight recklessly!
You are too injured to fight recklessly!
Casting: Pain (safe; 4% risk of failure)
Confirm with . or Enter, or press ? or * to list all spells.
Aiming: Pain (safe; 4% risk of failure)
Press: ? - help, Shift-Dir - straight line, f - hobgoblin
Aim: a hobgoblin, wielding a +0 club (moderately wounded, chance to affect: 78%)
The hobgoblin writhes in agony.
The hobgoblin hits you with a +0 club.
* * * LOW HITPOINT WARNING * * *
The hobgoblin hits you with a +0 club!
You die...

#. #.##########
..........#
...#####.######## #.
...##........###
###.###.##..#........
####.....#.....#.###.###
......g@................
(.....g...##...#.###..##
...#.###..##...#.###..##
# # #...........#..##
#.#.#.#.#.#.#..#.
#..............##
###$.##........#. #.#
#......#. #........


You could see 2 hobgoblins.

Vanquished Creatures
  An ooze (D:1)
  A dart slug (D:1)
  A giant cockroach (D:1)
  4 goblins (D:1)
  A hobgoblin (D:1)
  A kobold (D:1)
  3 bats (D:1)
  2 frilled lizards (D:1)
14 creatures vanquished.

Notes
Turn   | Place    | Note
-------+----------+-------------------------------------------
     0 | D:1      | Nattfarinn the Ghoul Necromancer began the quest for the
                  | Orb.
     0 | D:1      | Reached XP level 1. HP: 14/14 MP: 2/2
   327 | D:1      | Reached XP level 2. HP: 20/20 MP: 3/3
  1047 | D:1      | Slain by a hobgoblin

Illustrated notes

Levels and vault maps discovered:
D:1:      dpeg_arrival_rooms_a, layout_basic, minmay_small_reverse_x

Action                   || total
-------------------------++-------
Melee: Unarmed           ||    73
 Cast: Pain              ||     2
 Stab: Sleeping          ||     2
Armor: Robe              ||    21
Dodge: Dodged            ||    48

Table legend: (Time is in decaauts)
 A = Elapsed time spent in this place.
 B = Non-inter-level travel time spent in this place.
 C = Inter-level travel time spent in this place.
 D = Time resting spent in this place.
 E = Time spent auto-exploring this place.
 F = Levels seen in this place.
 G = Mean time per level.
                   A        B        C        D        E       F      G
               +--------+--------+--------+--------+--------+-----+--------+
         Total |   1047 |   1047 |      0 |    430 |    475 |   1 | 1047.0 |
       Dungeon |   1047 |   1047 |      0 |    430 |    475 |   1 | 1047.0 |
               +--------+--------+--------+--------+--------+-----+--------+

Top non-repeatable levels by time:
     D:1: 1047 daAuts
